 Dungeon Sprint DCSS version 0.23.2-1-ga50397a6bc (webtiles) character file.

Game seed: 2791764132531871001

462 Kobolds4U the Unseen (level 6, 0/28 HPs)
             Began as a Spriggan Enchanter on May 23, 2019.
             Succumbed to an orange demon's poison
             ... in the Dungeon (Sprint I: "Red Sonja").
             The game lasted 00:01:51 (415 turns).

Kobolds4U the Unseen (Spriggan Enchanter)            Turns: 415, Time: 00:01:52

Health: 0/28       AC:  2    Str:  4    XL:     6   Next: 79%
Magic:  9/11       EV: 18    Int: 17    God:
Gold:   270        SH:  0    Dex: 18    Spells: 7/10 levels left

rFire    . . .     SeeInvis +   a - +1 dagger
rCold    . . .     Gourm    .   (shield restricted)
rNeg     . . .     Faith    .   b - +0 robe
rPois    .         Spirit   .   (helmet restricted)
rElec    .         Reflect  .   (no cloak)
rCorr    .         Harm     .   (gloves unavailable)
MR       +....     NoTele   +   (boots unavailable)
Stlth    +++++++...             (no amulet)
HPRegen  0.09/turn              (no ring)
MPRegen  0.12/turn              (no ring)

@: lethally poisoned (0 -> -27), hasted, very quick
A: very small, unfitting armour, see invisible, herbivore, speed 3, slow
metabolism 2
a: no special abilities


You were in the Dungeon.
You were not hungry.

You visited 1 branch You collected 270 gold pieces.

Inventory:

Hand Weapons
 a - a +1 dagger (weapon)
Armour
 b - a +0 robe (worn)
Scrolls
 j - a scroll of blinking
Potions
 e - a potion of curing
 h - 2 potions of magic
Comestibles
 d - a ration


   Skills:
 - Level 1.1 Short Blades
 - Level 3.0 Dodging
 * Level 19.3 Stealth
 - Level 2.6 Spellcasting
 - Level 7.3 Hexes


You had 7 spell levels left.
You knew the following spells:

 Your Spells              Type           Power        Failure   Level  Hunger
a - Corona                Hex            ####...      1%          1    #......
b - Ensorcelled Hibernat  Hex/Ice        ##....       6%          2    ##.....

Your spell library contained the following spells:

 Spells                   Type           Power        Failure   Level  Hunger
 Confuse                  Hex            ####....     2%          3    ###....
 Tukima's Dance           Hex            ####....     2%          3    ###....
 Dazzling Spray           Conj/Hex       ##....       12%         3    ###....


Dungeon Overview and Level Annotations

Branches:
Dungeon (1/1)

Altars:
Makhleb
Xom
Jiyva
Lugonu


Innate Abilities, Weirdness & Mutations

You are very small and have problems with some larger weapons.
You are too small for most types of armour.
You have supernaturally acute eyesight. (SInv)
You are a herbivore.
You cover ground extremely quickly.
You need to consume almost no food.


Message History

You feel sick. The ynoxinul barely misses you.
You barely miss the ynoxinul.
The ynoxinul is lightly wounded.
You feel sick. The orange demon stings you!
* * * LOW HITPOINT WARNING * * *
You are more poisoned.
The orange demon poisons you! The orange demon hits you.
* * * LOW HITPOINT WARNING * * *
You hit the ynoxinul.
The ynoxinul is lightly wounded.
* * * LOW HITPOINT WARNING * * *
You feel sick.
The kobold demonologist looks braver for a moment.
The ynoxinul gestures.
The orange demon stings you but does no damage.
The orange demon hits you.
* * * LOW HITPOINT WARNING * * *
You hit the ynoxinul but do no damage.
The ynoxinul is lightly wounded.
You die...

##########################
#<.#.['..#.)'5@#5_#..'...#
#..'..#.)'..#543KK'..#...#
#..#####'#####+#55#### ..+
#..# #..# #### ## #..#
#### #..# #⌠⌠# ####


You could see an orange demon, 2 kobold demonologists, a ynoxinul and 4 ufetubi.

Vanquished Creatures
  A slime creature (D)
  Sigmund (D)
  An ogre (D)
  Ijyb (D)
4 creatures vanquished.

Notes
Turn   | Place    | Note
-------+----------+-------------------------------------------
     0 | D        | Kobolds4U the Spriggan Enchanter began the quest for the
                  | Orb.
     0 | D        | Reached XP level 1. HP: 9/9 MP: 5/5
     2 | D        | Noticed Ijyb
    24 | D        | Killed Ijyb
    24 | D        | Reached skill level 8 in Stealth
    24 | D        | Reached skill level 5 in Hexes
    24 | D        | Reached XP level 2. HP: 8/13 MP: 6/6
   196 | D        | Learned a level 2 spell: Ensorcelled Hibernation
   196 | D        | Noticed an ogre
   199 | D        | Killed an ogre
   199 | D        | Reached skill level 12 in Stealth
   199 | D        | Reached XP level 3. HP: 16/16 MP: 8/8
   199 | D        | Reached XP level 4. HP: 21/21 MP: 9/9
   209 | D        | Noticed Sigmund
   214 | D        | Killed Sigmund
   214 | D        | Reached skill level 16 in Stealth
   214 | D        | Reached XP level 5. HP: 11/24 MP: 7/10
   241 | D        | Found a burning altar of Makhleb.
   241 | D        | Found a viscous altar of Jiyva.
   241 | D        | Found a shimmering altar of Xom.
   241 | D        | Found a corrupted altar of Lugonu.
   241 | D        | Noticed a slime creature
   244 | D        | Killed a slime creature
   244 | D        | Reached skill level 19 in Stealth
   244 | D        | Reached XP level 6. HP: 16/28 MP: 11/11
   391 | D        | Noticed a kobold demonologist
   391 | D        | Noticed a floating eye
   391 | D        | Noticed a kobold demonologist
   400 | D        | Paralysed by a floating eye for 2 turns
   405 | D        | Noticed a ynoxinul
   409 | D        | Noticed an orange demon
   414 | D        | HP: 1/28 [orange demon[a kobold demonologist] (4)]
   415 | D        | Succumbed to an orange demon's poison

Skill      XL: |  1  2  3  4  5 |
---------------+----------------+-----
Stealth        | 8 12 16 19 | 19.3
Hexes          | 5 7 |  7.3
Short Blades   | |  1.1
Dodging        | |  3.0
Spellcasting   | |  2.6

Action                   |  1- 3 |  4- 6 || total
-------------------------+-------+-------++-------
Melee: Dagger            |    20 |    14 ||    34
 Cast: Ensorcelled Hiber |       |     3 ||     3
  Use: Potion            |     1 |     2 ||     3
 Stab: Sleeping          |     1 |     2 ||     3
Armor: Robe              |     1 |     4 ||     5
Dodge: Dodged            |     9 |     9 ||    18
